Map: Amygdala

Players

BabyMarine - Winner!

  • Race: Terran Terran
  • Spawn Location: 1:00

Jumy (ForJumy)

  • Race: Protoss Protoss
  • League: Grandmaster
  • Spawn Location: 7:00

Event: HomeStory Cup XXVI

VOD

Have the link to the VOD?

Description

Time

  • Played on: Nov. 30, 2024, 2:08 p.m.
  • Length: 10:10

All games in this series

Show
View Real Time Build Order
Export as new Build Order

BabyMarine Terran - Winner!

Build Orders:  

Get SALT Encoding   

  12  0:00  SCV  
  13  0:12  SCV  
  14  0:16  Supply Depot  
  14  0:24  SCV  
  15  0:38  SCV  
  15  0:40  Barracks  
  16  0:42  Refinery  
  16  0:50  SCV  
  17  1:02  SCV  
  18  1:14  SCV  
  19  1:26  Marine  
  19  1:27  Orbital Command  
  20  1:40  Command Center  
  20  1:51  Factory  
  20  1:55  SCV  
  21  2:02  Supply Depot  
  21  2:04  Barracks Reactor  
  21  2:07  SCV  
  22  2:13  Refinery  
  22  2:19  SCV  
  23  2:32  SCV  
  24  2:38  Starport  
  24  2:45  SCV, Hellion x2  
  29  2:52  Orbital Command  
  29  2:57  SCV  
  30  3:06  Widow Mine x2  
  30  3:09  SCV  
  30  3:12  Barracks Tech Lab  
  35  3:18  SCV  
  36  3:21  SCV  
  36  3:23  Medivac  
  36  3:26  Supply Depot  
  39  3:32  SCV  
  38  3:44  SCV x2  
  38  3:45  Widow Mine x2  
  44  3:52  Marine  
  45  3:57  Starport Tech Lab  
  45  3:58  SCV  
  45  3:59  Supply Depot  
  45  4:00  SCV  
  47  4:07  Barracks x2  
  47  4:12  SCV x2  
  47  4:15  Siege Tank  
  47  4:16  Marine x2  
  54  4:18  Cloaking Field  
  54  4:24  SCV  
  54  4:26  Banshee  
  54  4:27  Supply Depot  
  54  4:29  SCV  
  59  4:36  SCV  
  58  4:41  SCV  
  58  4:44  Marine x2  
  57  4:49  Siege Tank  
  57  4:51  Supply Depot  
  57  4:52  SCV  
  59  4:53  SCV  
  59  4:58  Supply Depot, Bunker  
  59  4:59  Supply Depot, Marine x2  
  62  5:02  Marine  
  62  5:04  SCV  
  64  5:07  SCV  
  64  5:09  Engineering Bay  
  64  5:10  Refinery  
  65  5:16  Supply Depot, SCV  
  65  5:20  SCV  
  67  5:26  Marine x2, Stimpack  
  68  5:29  Marine  
  68  5:30  SCV  
  68  5:33  SCV, Factory Reactor  
  65  5:42  SCV  
  66  5:45  SCV  
  66  5:47  Marauder  
  69  5:53  Marine x2  
  69  5:54  SCV, Marauder  
  74  5:57  SCV  
  74  6:00  Combat Shield  
  75  6:06  SCV  
  75  6:08  Marauder  
  77  6:11  SCV  
  77  6:15  Marauder  
  81  6:18  SCV  
  81  6:23  SCV  
  82  6:26  Refinery  
  82  6:27  Supply Depot, Marine, Refinery  
  82  6:28  Marine  
  82  6:30  SCV  
  85  6:36  Missile Turret  
  85  6:38  Missile Turret  
  85  6:41  Missile Turret, Medivac  
  85  6:43  SCV x2  
  85  6:54  Marine x2, Marauder  
  85  6:55  Marauder  
  85  6:57  SCV  
  85  6:58  SCV  
  86  7:08  Medivac  
  86  7:10  SCV x2  
  86  7:13  Terran Infantry Weapons Level 1  
  90  7:15  Marine x2  
  90  7:22  Marauder  
  95  7:23  Command Center  
  95  7:26  Medivac  
  95  7:27  Marauder  
  98  7:35  Marine x2  
  98  7:36  Factory Reactor  
  100  7:39  SCV x2  
  102  7:48  Medivac  
  102  7:57  Marine x2, Marauder x2  
  108  8:00  Barracks  
  108  8:02  Barracks  
  107  8:08  SCV x2  
  107  8:09  Concussive Shells  
  107  8:11  Supply Depot  
  107  8:12  Supply Depot  
  109  8:13  Supply Depot x2  
  109  8:14  Widow Mine x2, Medivac  
  115  8:20  Supply Depot  
  115  8:21  Ghost Academy  
  112  8:36  Marine x2, Marauder  
  112  8:37  Marauder, Widow Mine x2  
  112  8:40  SCV  
  112  8:41  SCV  
  113  8:51  Barracks Tech Lab, Barracks Reactor  
  113  8:54  SCV x2, Marine  
  116  8:57  Ghost x2  
  116  8:58  Missile Turret  
  116  9:01  Refinery  
  122  9:03  Bunker  
  122  9:04  Refinery  
  122  9:05  Supply Depot, Orbital Command  
  122  9:12  SCV x2  
  122  9:14  Ghost  
  122  9:16  Marine x2  
  129  9:24  SCV  
  129  9:25  SCV  
  128  9:33  Marine x2, Ghost x2  
  128  9:36  Widow Mine x2  
  128  9:37  SCV  
  139  9:43  SCV x2  
  137  9:48  Marine x2, Marauder  
Show
View Real Time Build Order
Export as new Build Order

Jumy Protoss 

Build Orders: 1 Gate Expand, Blink Stalkers 

Get SALT Encoding   

  12  0:00  Probe  
  13  0:12  Probe  
  14  0:17  Pylon  
  14  0:24  Probe  
  15  0:33  Probe  
  15  0:35  Gateway  
  15  0:41  Probe  
  16  0:46  Assimilator  
  17  0:51  Probe  
  18  1:03  Probe  
  19  1:15  Probe  
  20  1:22  Cybernetics Core  
  20  1:34  Nexus  
  20  1:43  Pylon  
  20  1:45  Probe  
  21  1:52  Assimilator, Adept  
  21  1:57  Probe  
  22  2:03  Warp Gate  
  24  2:09  Probe  
  25  2:21  Probe  
  26  2:23  Twilight Council  
  26  2:27  Adept  
  28  2:33  Probe  
  29  2:41  Gateway  
  29  2:42  Probe  
  29  2:43  Probe  
  29  2:50  Probe  
  29  2:51  Probe  
  33  3:00  Probe  
  33  3:01  Probe  
  35  3:07  Blink  
  35  3:08  Robotics Facility  
  35  3:12  Probe x2  
  37  3:20  Probe  
  37  3:24  Probe  
  37  3:28  Probe  
  37  3:29  Gateway  
  38  3:36  Probe  
  38  3:40  Probe  
  40  3:45  Gateway  
  38  3:48  Probe  
  38  3:51  Stalker x2  
  43  3:56  Pylon  
  43  3:58  Observer  
  43  3:59  Probe  
  43  4:00  Probe  
  46  4:08  Pylon  
  46  4:12  Warp Prism  
  46  4:14  Probe  
  46  4:15  Stalker x2  
  53  4:27  Pylon  
  53  4:31  Stalker  
  49  4:49  Stalker x3  
  49  4:51  Probe  
  54  4:54  Assimilator  
  54  4:57  Stalker  
  54  4:58  Probe  
  57  5:03  Probe  
  58  5:12  Probe  
  58  5:13  Stalker x2  
  63  5:15  Stalker  
  63  5:17  Probe  
  66  5:23  Pylon  
  58  5:40  Probe x2  
  58  5:43  Stalker x4  
  66  5:57  Nexus  
  66  6:06  Dark Shrine  
  66  6:10  Stalker  
  68  6:17  Observer  
  65  6:21  Probe  
  64  6:29  Stalker x2  
  64  6:31  Probe  
  67  6:39  Observer  
  66  6:49  Probe  
  66  6:52  Gateway  
  66  6:53  Gateway  
  67  6:55  Charge  
  67  6:56  Probe  
  67  6:57  Gateway  
  68  7:05  Probe  
  69  7:08  Observer  
  69  7:10  Probe  
  69  7:11  Immortal  
  69  7:15  Gateway  
  60  7:16  Forge  
  64  7:28  Probe x2  
  64  7:29  Probe  
  67  7:30  Zealot x2, Sentry  
  67  7:36  Protoss Ground Armor Level 1  
  73  7:37  Zealot  
  73  7:40  Probe  
  73  7:41  Immortal  
  75  7:48  Probe  
  74  7:54  Zealot x3  
  78  8:10  Zealot x4  
  86  8:23  Stalker x3  
  86  8:31  Pylon  
  86  8:33  Pylon  
  84  8:35  Observer  
  84  8:38  Stalker x2  
  84  8:40  Probe  
  85  8:42  Pylon  
  85  8:46  Gateway, Warp Prism  
  85  8:51  Stalker x4  
  85  8:52  Stalker  
  96  9:00  Sentry  
  99  9:06  Zealot x2  
  103  9:15  Stalker  
  103  9:16  Zealot x2  
  107  9:20  Pylon  
  106  9:29  Zealot x4  
  93  9:41  Zealot x4  
  93  9:45  Zealot  
  87  9:52  Zealot x3  
Tags
 
Add a new tag
Caveats
  • Supply blocks, unpowered buildings, or Contaminate may cause inaccurate times.
  • Supply counts are checked every 10 seconds.